 Dungeon Crawl Stone Soup version 0.29-a0-723-gce39da1c22 (webtiles) character file.

Game seed: 9271476551634287171

90 crusatyr the Chopper (level 4, 0/39 HPs)
             Began as a Hill Orc Monk on June 28, 2022.
             Slain by Crazy Yiuf
             ... wielding a +4 quarterstaff of chaos
              (6 damage)
             ... on level 2 of the Dungeon.
             The game lasted 00:02:14 (3321 turns).

crusatyr the Chopper (Hill Orc Monk)                Turns: 3321, Time: 00:02:15

Health: 0/39       AC:  7    Str: 15    XL:     4   Next: 56%
Magic:  4/4        EV: 10    Int: 10    God:
Gold:   142        SH:  0    Dex: 13    Spells: 3/3 levels left

rFire   . . .      SeeInvis .   a - +0 hand axe
rCold   . . .      Faith    .   (no shield)
rNeg    . . .      Spirit   .   m - +0 scale mail
rPois   .          Reflect  .   (no helmet)
rElec   .          Harm     .   (no cloak)
rCorr   .          Rampage  .   (no gloves)
Will    .....                   q - +0 pair of boots
Stlth   ..........              (no amulet)
HPRegen 0.13/turn               (no ring)
MPRegen 0.09/turn               (no ring)

@: no status effects
A: no striking features
a: no special abilities


You were on level 2 of the Dungeon.
You visited 1 branch of the dungeon, and saw 2 of its levels.

You collected 142 gold pieces.

Inventory:

Hand Weapons
 a - a +0 hand axe (weapon)
 n - a +0 flail
Armour
 m - a +0 scale mail (worn)
 q - a +0 pair of boots (worn)
Wands
 r - a wand of charming (13)
Scrolls
 b - 2 scrolls of teleportation {unknown}
 d - 2 scrolls of identify {unknown}
 e - a scroll of poison {unknown}
 f - 2 scrolls of immolation {unknown}
 g - 2 scrolls of torment {unknown}
 i - a scroll of fog {unknown}
 j - a scroll of noise {unknown}
Potions
 c - a potion of ambrosia
 h - 2 potions of haste {unknown}
 k - 3 potions of might {unknown}
 l - a potion of curing {unknown}
 o - 2 potions of resistance {unknown}
 p - 2 potions of flight {unknown}
 s - a potion of brilliance {unknown}
 t - a potion of cancellation {unknown}


   Skills:
 - Level 3.6 Fighting
 + Level 6.9 Axes
 - Level 2.4 Dodging
 - Level 1.5 Stealth


You had 3 spell levels left.
You didn't know any spells.
Your spell library contained the following spells:

 Spells                   Type           Power      Damage    Failure   Level
 Blink                    Tloc           0%         N/A       94%         2
 Lesser Beckoning         Tloc           0%         N/A       99%         3
 Manifold Assault         Tloc           0%         N/A       100%        5


Dungeon Overview and Level Annotations

Branches:
Dungeon (2/15)

Altars:

Annotations:
D:2 Crazy Yiuf


Message History

Level annotation: Crazy Yiuf
There is a stone staircase leading up here.
You see here a +0 ring mail.
Things that are here:
a +0 club; a +0 club You see here the +1 robe "Zuecs" {Dex+4}.
Crazy Yiuf shouts!
You hit Crazy Yiuf.
Crazy Yiuf is lightly wounded.
Crazy Yiuf barely misses you.
You hit Crazy Yiuf but do no damage.
Crazy Yiuf is lightly wounded.
Crazy Yiuf hits you with a +4 quarterstaff of chaos!
Crazy Yiuf freezes you.
You slash Crazy Yiuf!
Crazy Yiuf is heavily wounded.
Crazy Yiuf zaps a wand.
The puff of flame hits you but does no damage.
You hit Crazy Yiuf.
Crazy Yiuf is heavily wounded.
Crazy Yiuf hits you with a +4 quarterstaff of chaos.
Crazy Yiuf draws strength from your wounds!
You hit Crazy Yiuf but do no damage.
Crazy Yiuf is moderately wounded.
Crazy Yiuf hits you with a +4 quarterstaff of chaos.
Crazy Yiuf burns you.
You hit Crazy Yiuf.
Crazy Yiuf is severely wounded.
Crazy Yiuf screams, "Hack!
Fire cloud snail."
Crazy Yiuf misses you.
You hit Crazy Yiuf.
Crazy Yiuf is severely wounded.
Crazy Yiuf screams, "Shower koolooloo ragdoll!"
Crazy Yiuf hits you with a +4 quarterstaff of chaos!
* * * LOW HITPOINT WARNING * * *
You barely miss Crazy Yiuf.
Crazy Yiuf is severely wounded.
Crazy Yiuf yells, "Trifle!"
Crazy Yiuf hits you with a +4 quarterstaff of chaos.
You die...

# ♣.♣♣ #...............#####
# ♣♣.♣ #..#.####..#........#
# ♣♣.♣♣ #..#.# #..#.#..###.#
♣...♣ ##.#.# #..#.#..# #.# #
♣♣g..♣ #....# #.......# #.#
# #....# ##.#######.#.#.##
#.# # #....####.....#
#.#.#.####.# #...#.#.#####.#
#.#.†......#
##.##.#.#####@###.#.######.#
#...........g....#.# #.#
####.#.#####.###.#.# #†#
#<..............#.# #.#
#####.#####.#####.# #.#
##########.# #.# #.# #.#
...........# #.# #.# #.#
############ #.# #.# #.# #.#
#.# #.#


You could see Crazy Yiuf.

Vanquished Creatures
  A gnoll (D:1)
  4 adders
  5 ball pythons (D:2)
  6 bats
  3 endoplasms
  6 goblins
  5 hobgoblins
  4 kobolds
  4 quokkas
  2 frilled lizards
  A rat (D:1)
41 creatures vanquished.

Notes
Turn   | Place    | Note
-------+----------+-------------------------------------------
     0 | D:1      | crusatyr the Hill Orc Monk began the quest for the Orb.
     0 | D:1      | Reached XP level 1. HP: 19/19 MP: 1/1
   280 | D:1      | Reached XP level 2. HP: 24/26 MP: 2/2
   713 | D:1      | Reached skill level 5 in Axes
   983 | D:1      | Reached XP level 3. HP: 4/31 MP: 3/3
  1677 | D:2      | Reached skill level 6 in Axes
  1948 | D:2      | Reached XP level 4. HP: 29/39 MP: 4/4
  2490 | D:2      | Identified the +1 robe "Zuecs" {Dex+4}
  2873 | D:2      | Found a runed translucent door.
  2874 | D:2      | Noticed Crazy Yiuf
  3321 | D:2      | Slain by Crazy Yiuf

Illustrated notes

Levels and vault maps discovered:
D:1:      lightli_arrival_maybe_door_vault, layout_loops_cross
D:2:      layout_basic, uniq_crazy_yiuf_cottage

Skill      XL: |  1  2  3 |
---------------+----------+-----
Axes           | 5 6 |  6.9
Fighting       | |  3.6
Dodging        | |  2.4
Stealth        | |  1.5

Action                   |  1- 3 |  4- 6 || total
-------------------------+-------+-------++-------
Melee: Hand axe          |   106 |    82 ||   188
       Punch             |     2 |       ||     2
 Stab: Sleeping          |     1 |       ||     1
Armor: Robe              |    15 |       ||    15
       Scale mail        |    25 |    43 ||    68
Dodge: Dodged            |    60 |    55 ||   115

Table legend: (Time is in decaauts)
 A = Elapsed time spent in this place.
 B = Non-inter-level travel time spent in this place.
 C = Inter-level travel time spent in this place.
 D = Time resting spent in this place.
 E = Time spent auto-exploring this place.
 F = Levels seen in this place.
 G = Mean time per level.
                   A        B        C        D        E       F      G
               +--------+--------+--------+--------+--------+-----+--------+
         Total |   3324 |   3262 |     62 |    485 |   2325 |   2 | 1662.0 |
       Dungeon |   3324 |   3262 |     62 |    485 |   2325 |   2 | 1662.0 |
               +--------+--------+--------+--------+--------+-----+--------+

Top non-repeatable levels by time:
     D:1: 1892 daAuts
     D:2: 1432 daAuts
